[Event "Romanian Team Blitz Open 2022"]
[Site "Sebes"]
[Date "2022.12.04"]
[Round "6.1"]
[White "Lupulescu, Constantin"]
[Black "Stefan, Romulus-Cristian"]
[Result "1-0"]
[ECO "E83"]
[WhiteElo "2591"]
[BlackElo "2097"]
[Annotator "TA"]
[PlyCount "53"]
[EventDate "2022.12.04"]
[EventType "blitz"]
[EventCountry "ROU"]
[SourceTitle "playchess.com"]
[Source "ChessBase"]
[SourceQuality "1"]
[TimeControl "180+2"]

1. d4 d6 2. e4 Nf6 3. f3 g6 4. c4 Bg7 5. Nc3 O-O 6. Be3 Nc6 7. Nge2 a6 8. Rc1 {[%emt 0:00:03] E83: King's Indian: Sämisch Panno (6...Nc6): Lines without either Nge2 or Qd2.} Nd7 {[%emt 0:00:16] [#] 8...Bd7 is the modern continuation.} 9. d5 $146 ({Predecessor:} 9. Qd2 Na5 10. Nd1 c5 11. d5 b5 12. b3 Ne5 13. Ng3 h5 14. h4 e6 15. Be2 bxc4 16. bxc4 exd5 17. cxd5 {½-½ (74) Leschinsky,G (1955)-De la Colina,N (2118) Chess.com INT 2022}) 9... Nce5 10. Ng3 {[%emt 0:00:08][%cal Be2g3,Bg3h1,Bh1f2][%mdl 32] Hoping for f4. White is slightly better.} Nf6 11. Be2 c5 12. O-O h5 13. h3 h4 {[%emt 0:00:15] [#]} 14. Nh1 Nh7 15. f4 Nd7 16. Nf2 f5 17. a3 Nhf6 18. b4 b6 (18... cxb4 $16 19. axb4 a5) 19. Bd3 Nb8 20. e5 Nh5 21. e6 Ng3 (21... cxb4 $142 22. Na4 (22. axb4 b5 $18) 22... bxa3 23. Nxb6 Bb7 24. Nxa8 Bxa8) 22. Re1 $18 b5 23. Nh1 ({Don't play} 23. cxb5 cxb4 24. axb4 axb5 25. Nxb5 (25. Bxb5 Ba6 $18) 25... Na6 $18) 23... bxc4 24. Bxc4 cxb4 25. axb4 Bb7 26. Nxg3 hxg3 27. Na4 {[%emt 0:00:04] Black got outplayed after the opening.   Weighted Error Value: White=0.07 (flawless) /Black=0.35} 1-0

[Event "Romanian Team Blitz Open 2022"]
[Site "Sebes"]
[Date "2022.12.04"]
[Round "6.2"]
[White "Arion, Ilie"]
[Black "Jianu, Vlad-Cristian"]
[Result "0-1"]
[ECO "A64"]
[WhiteElo "1924"]
[BlackElo "2516"]
[Annotator "TA"]
[PlyCount "66"]
[EventDate "2022.12.04"]
[EventType "blitz"]
[EventCountry "ROU"]
[SourceTitle "playchess.com"]
[Source "ChessBase"]
[SourceQuality "1"]
[TimeControl "180+2"]

1. d4 Nf6 2. c4 e6 3. g3 c5 4. d5 exd5 5. cxd5 d6 6. Bg2 g6 7. Nc3 Bg7 8. Nf3 O-O 9. O-O Re8 10. Nd2 a6 11. a4 Nbd7 12. h3 Rb8 13. Nc4 Ne5 14. Na3 {[%emt 0:00:02] A64: Modern Benoni: Fianchetto Variation: 9...Nbd7 10 Nd2 a6 11 a4 Re8.} h5 (14... Nh5 $5) 15. f4 Ned7 16. e4 {[%emt 0:00:01] Prevents c4. White is slightly better.} Qe7 (16... b5 $14 17. axb5 Ra8) 17. Re1 {[%emt 0:00:02] [#]} Qf8 $146 ({Predecessor:} 17... Nh7 18. Be3 b6 19. Nc4 Bb7 20. Bf2 Ba8 21. Qd2 b5 22. axb5 axb5 23. Na5 b4 {1-0 (32) Nemeth,D (2153)-Suhajda,A (1892) Miskolc 2010}) 18. e5 (18. Qc2 $16) 18... dxe5 $11 19. fxe5 (19. Be3 $15) 19... Nxe5 $17 {[%emt 0:00:13][%cal Bd7e5,Be5c4,Bc4e3][%mdl 32] aiming for ...Bf5.} 20. Bf4 Nfd7 21. Nc4 $2 {[%emt 0:00:04][%mdl 8192] [#] Loses the game.} Nxc4 $19 {[%emt 0:00:03] Black is clearly winning.} 22. Bxb8 Nxb8 23. Qc2 Bd4+ 24. Kh2 Ne3 25. Qd2 Bf5 26. Re2 Nxg2 27. Kxg2 Nd7 28. Rf1 Rxe2+ 29. Qxe2 Qd6 30. Qf3 Ne5 31. Qd1 Qd7 32. Rh1 Bxc3 33. bxc3 Be4+ {[%emt 0:00:01] Weighted Error Value: White=0.91/Black=0.30} 0-1

[Event "Romanian Team Blitz Open 2022"]
[Site "Sebes"]
[Date "2022.12.04"]
[Round "6.3"]
[White "Parligras, Mircea-Emilian"]
[Black "Craciun, Ovidiu"]
[Result "1-0"]
[ECO "E90"]
[WhiteElo "2567"]
[BlackElo "1857"]
[Annotator "TA"]
[PlyCount "79"]
[EventDate "2022.12.04"]
[EventType "blitz"]
[EventCountry "ROU"]
[SourceTitle "playchess.com"]
[Source "ChessBase"]
[SourceQuality "1"]
[TimeControl "180+2"]

1. d4 Nf6 2. c4 g6 3. Nc3 Bg7 4. e4 d6 5. h3 c6 6. Be3 O-O 7. Nf3 Nbd7 {[%emt 0:00:02] 7...e5 gains popularity.} 8. e5 {[%emt 0:00:07] E90: King's Indian: Classical: Early deviations and 6 h3.} (8. Be2 $14) 8... Ne8 $11 {[%emt 0:00:23][%cal Rd6e5] [#]} 9. h4 $146 ({Predecessor:} 9. Qd2 Qa5 10. exd6 Nxd6 11. Bd3 Nf5 12. O-O-O Nxe3 13. fxe3 Rb8 14. h4 Nf6 15. Kb1 Qh5 {0-1 (45) Gudok,V (2299)-Podolsky,A (2240) Shepetivka 2011}) 9... c5 {[%emt 0:00:38] Prevents e6.} (9... dxe5 $15 10. h5 Nd6) 10. exd6 ({White should try} 10. e6 $1 $14 fxe6 11. h5) 10... exd6 ({Better is} 10... Nxd6 $11 11. Qd2 (11. dxc5 Nf5 $15) 11... Nf5) 11. h5 $14 cxd4 12. Bxd4 Ndf6 13. h6 Bh8 14. Qd2 Bf5 {[%emt 0:00:11] White leaves nothing to chance now.} (14... Nc7 $14) 15. Bd3 Qc8 16. O-O-O $36 {[%emt 0:00:13][%mdl 2048] Black is under strong pressure.} Bxd3 17. Qxd3 a6 18. Kb1 {[%emt 0:00:07] White has more active pieces.} b5 19. cxb5 axb5 20. Nxb5 Qa6 21. Nc3 Qxd3+ 22. Rxd3 Ng4 (22... Nc7 {might work better.} 23. Bxf6 Bxf6) 23. Nd5 $18 {[%emt 0:00:23][%cal Rd5e7] [#]} Bxd4 24. Rxd4 ({Weaker is} 24. Nxd4 Nxf2 25. Rhh3 (25. Ne7+ Kh8 $17) 25... Nxh3 26. Rxh3 f6 $15) 24... Ne5 25. Rc1 Nxf3 (25... f6 {was called for.} 26. b4 Rf7) 26. gxf3 f5 27. Nc7 Nxc7 28. Rxc7 Rf7 29. Rxf7 Kxf7 30. Rxd6 {[%emt 0:00:00][%mdl 4096] Endgame KR-KR} g5 31. b4 Re8 32. Kc2 Re2+ 33. Rd2 Re6 34. b5 Rxh6 35. a4 {[%emt 0:00:00][%cal Ba2a4,Ba4a5][%mdl 32] [#] aiming for a5.} g4 36. fxg4 {[%emt 0:00:00] Hoping for a5.} fxg4 37. Kc3 Rf6 38. a5 h5 39. b6 {[%emt 0:00:00] White threatens b7 and mate.} h4 40. b7 {[%emt 0:00:00] Weighted Error Value: White=0.13 (very precise) /Black=0.49} 1-0

[Event "Romanian Team Blitz Open 2022"]
[Site "Sebes"]
[Date "2022.12.04"]
[Round "6.4"]
[White "Stefan, Iulia-Cristiana"]
[Black "Gavrilescu, David"]
[Result "0-1"]
[ECO "B01"]
[WhiteElo "1662"]
[BlackElo "2523"]
[Annotator "TA"]
[PlyCount "48"]
[EventDate "2022.12.04"]
[EventType "blitz"]
[EventCountry "ROU"]
[SourceTitle "playchess.com"]
[Source "ChessBase"]
[SourceQuality "1"]
[TimeControl "180+2"]

1. e4 d5 2. exd5 c6 3. dxc6 Nxc6 4. Nc3 e5 5. Bc4 Nf6 6. d3 {[%emt 0:00:07] B01: Scandinavian Defence.} Bc5 7. h3 (7. Nf3 $16) 7... O-O (7... Qd4 $2 8. Be3 Qd6 9. Nb5 $18) 8. Nf3 {[%emt 0:00:04] White is better.} Bf5 {[%emt 0:00:09] [#]} 9. O-O $146 ({Predecessor:} 9. Bg5 e4 10. Bxf6 Qxf6 11. dxe4 Rfe8 12. O-O Bxe4 13. Nxe4 Rxe4 14. Qd5 Qe7 15. Qxf7+ Qxf7 16. Bxf7+ Kf8 17. Bb3 Re2 18. Rad1 Rd8 {1-0 (18) Spitzlei,P (1661)-Hilgert,V (1601) Eschborn 2016}) 9... Re8 10. Bg5 Be7 11. Re1 h6 12. Bh4 (12. Nxe5 $1 $18 hxg5 13. Bxf7+ (13. Nxf7 Qa5 $16) 13... Kh8 14. Bxe8 Qxe8 15. Nxc6 bxc6 16. Qf3) 12... Qc7 (12... Nd7 $16) 13. Bxf6 (13. Nb5 $18 Qb8 14. Bg3) 13... Bxf6 $16 14. Nd5 {[%emt 0:00:01] Inhibits e4.} Qd6 15. Nxf6+ Qxf6 16. Bb3 Rad8 {[%emt 0:00:02] [#]} 17. Qe2 (17. Re3 $1 $16) 17... e4 $11 18. dxe4 Bxe4 19. c3 Qg6 (19... Re7 $11) 20. Rad1 $16 {[%emt 0:00:19] aiming for Rxd8.} Rxd1 21. Qxd1 ({Don't take} 21. Rxd1 Re7 $14) 21... Re7 {[%emt 0:00:04] White must now prevent ...Bxf3.} 22. Bc4 $2 (22. Re3 $16) 22... Bxf3 $19 {[%emt 0:00:04][%mdl 64] [#] Remove Defender, Deflection. Black is clearly winning.} 23. Qxf3 Rxe1+ 24. Bf1 Qb1 {[%emt 0:00:04][%csl LRa2,LRb2,LRf1] Never resign too early!   Weighted Error Value: White=0.81/Black=0.36} 0-1

[Event "Romanian Team Blitz Open 2022"]
[Site "Sebes"]
[Date "2022.12.04"]
[Round "6.5"]
[White "Soltanici, Ruslan"]
[Black "Miron, Lucian-Costin"]
[Result "1-0"]
[ECO "B28"]
[WhiteElo "2357"]
[BlackElo "2510"]
[Annotator "TA"]
[PlyCount "108"]
[EventDate "2022.12.04"]
[EventType "blitz"]
[EventCountry "ROU"]
[SourceTitle "playchess.com"]
[Source "ChessBase"]
[SourceQuality "1"]
[TimeControl "180+2"]

1. e4 c5 2. Nc3 a6 3. Nf3 b5 4. d4 cxd4 5. Nxd4 Bb7 6. Bd3 Nc6 {[%emt 0:00:07] B28: Sicilian: 2 Nf3 a6 (O'Kelly Variation).} 7. Nxc6 {[%emt 0:00:05] 7.Be3 is not played anymore.} dxc6 8. e5 Qc7 {[%emt 0:00:17] White is slightly better.} 9. Qe2 e6 10. O-O Ne7 {[%emt 0:00:03] [#]} 11. Bf4 $146 ({Predecessor:} 11. f4 Nf5 12. Bxf5 exf5 13. Be3 b4 14. Na4 c5 15. Qf2 Rc8 16. c3 Bc6 17. Nxc5 bxc3 {1-0 (39) Oglaza,O (2345)-Abdumalik,Z (2458) Warsaw 2019}) 11... Nd5 {[%emt 0:00:04] Inhibits a4.} 12. Nxd5 cxd5 13. h4 h6 (13... d4 $14) 14. h5 $1 $16 Qc6 15. Qg4 Rc8 (15... d4 $16) 16. c3 Qb6 (16... a5 $16 {is a better defense.} 17. a3 Rd8) 17. Be3 $18 Qc7 18. Bd4 Qd8 19. f4 {[%emt 0:00:02][%cal Bf2f4,Bf4f5][%mdl 32] Against Qg5} Bc6 $2 (19... Rc7 20. Bb6 Qd7 21. Bxc7 Qxc7) 20. f5 Qg5 21. Qxg5 hxg5 22. fxe6 fxe6 23. Bg6+ Kd8 24. Rf3 $2 (24. Bb6+ $18 {has better winning chances.} Rc7 25. Rf7 Bc5+ 26. Bxc5 Rxf7 27. Bxf7) 24... Be8 $16 25. Raf1 Be7 26. Bxe8 Kxe8 27. Rf7 Rg8 28. Kh2 (28. b4 $16) 28... Kd7 {[%emt 0:00:02] [#]} (28... Rf8 $11 {and Black has nothing to worry.} 29. Rxf8+ Bxf8) 29. Be3 (29. b4 $1 $18 Ke8 30. R1f2) 29... Ke8 $1 $14 30. Bd4 (30. Kg3 $14) 30... Kd7 $16 {[%emt 0:00:01] [#]} 31. Kg3 (31. b4 $142 $1 {aiming for Bc5.} Ke8 32. R1f2) 31... Ke8 32. Kg4 b4 33. R7f3 {[%emt 0:00:09] White has more active pieces.} bxc3 (33... a5 $16) 34. bxc3 (34. Rxc3 $18 Kd7 35. Rf7) 34... Rb8 35. c4 $2 ({Better is} 35. g3 $16) 35... dxc4 (35... Rb4 $11) 36. Rc3 Rc8 37. Rfc1 Rf8 {[%emt 0:00:01] White must now prevent ...Rf4+.} 38. g3 {[%emt 0:00:01] Inhibits Rf4+.} (38. Rxc4 $2 {perishes.} Rf4+ 39. Kh3 Rxc4 40. Rxc4 Bd8 $19) 38... Rf5 {[%emt 0:00:04] Black is on the road to losing.} (38... Kf7 $14) 39. Rxc4 Rxc4 40. Rxc4 {[%emt 0:00:00][%mdl 4096] Endgame Threatens to win with Rc6. KRB-KRB} Kd7 {[%emt 0:00:02] Prevents Rc6.} (40... Rf1 $16) 41. Ra4 $18 Kc6 $2 (41... Rf1 {might work better.} 42. Rxa6 Rb1) 42. Rxa6+ Kd5 43. Ra7 Bb4 44. Be3 {[%emt 0:00:05] White is clearly winning.} Bc3 (44... Rxe5 $142 45. Bxg5 Re4+ 46. Kf3 Bc3 47. Rd7+ Kc6 48. Rxg7 Ra4) 45. Rxg7 Ke4 46. Bxg5 Bxe5 47. Re7 Rf3 48. Bh4 ({Weaker is} 48. Rxe6 Rxg3+ 49. Kh4 Ra3 $16) 48... Ra3 49. Rxe6 Kd5 50. Re8 Rxa2 51. h6 Ra7 52. Kh5 Bd6 53. g4 Bf4 54. g5 {[%emt 0:00:02] Threatening mate with g6.} Bc1 {[%emt 0:00:05] Weighted Error Value: White=0.41/Black=0.45} 1-0

[Event "Romanian Team Blitz Open 2022"]
[Site "Sebes"]
[Date "2022.12.04"]
[Round "6.6"]
[White "Secheres, Adrian-Simion"]
[Black "Cosma, Ioan"]
[Result "1/2-1/2"]
[ECO "D41"]
[WhiteElo "2365"]
[BlackElo "2368"]
[Annotator "TA"]
[PlyCount "167"]
[EventDate "2022.12.04"]
[EventType "blitz"]
[EventCountry "ROU"]
[SourceTitle "playchess.com"]
[Source "ChessBase"]
[SourceQuality "1"]
[TimeControl "180+2"]

1. d4 d5 2. c4 e6 3. Nc3 Nf6 4. Nf3 c5 5. cxd5 Nxd5 6. e4 Nxc3 7. bxc3 cxd4 8. cxd4 Bb4+ 9. Bd2 Bxd2+ 10. Qxd2 O-O 11. Bc4 b6 12. O-O Bb7 13. Rfe1 Nd7 14. Rad1 Rc8 {[%emt 0:00:01] D41: Queen's Gambit Declined: Semi-Tarrasch with 5 cxd5.} 15. Bb3 Re8 16. h3 h6 17. Re3 b5 (17... Nf6 $11) 18. Qe2 Qb6 {[%emt 0:00:09] [#]} 19. d5 $146 ({Predecessor:} 19. e5 a5 20. Nh4 a4 21. Bc2 Nf8 22. Bb1 Rc4 23. Qg4 h5 24. Qxh5 Rxd4 25. Rde1 {0-1 (48) Goryachkina,A (2579)-Ning,K (2327) Chess.com INT 2020}) 19... exd5 20. Bxd5 Nf6 21. Bxb7 Qxb7 22. Re1 (22. Nh4 $11) 22... Rc4 $15 23. Nd2 Rc2 24. Qd3 (24. e5 $15 Nd5 25. Rg3) 24... Qc8 (24... Rxa2 $17 {Strongly threatening ...Qd7.} 25. e5 Qd5) 25. Nb3 (25. e5 $11 Rd8 26. Qb3) 25... b4 (25... Rxa2 26. e5 Nd7 27. Qxb5 $11) (25... Qc4 $15) 26. e5 $36 {[%emt 0:00:04][%mdl 2048] White is more active.} Rc3 27. Qb5 Rxe3 28. Rxe3 Nd7 ({Better is} 28... a6 $1 $11 29. Qa5 (29. Qxb4 $2 Nd5 $19) 29... Nd7) 29. e6 {[%emt 0:00:10] White is more active.} ({Much worse is} 29. Qxb4 Rxe5 30. Qc3 Qe8 $11) (29. f4 $14) 29... Rxe6 30. Rxe6 fxe6 31. Qxb4 {[%emt 0:00:01][%mdl 4096] Endgame KQN-KQN} Nf8 (31... Qa6 $5 ) 32. Nc5 Qc6 33. g3 Qd5 34. a4 Qd1+ 35. Kg2 Qd5+ 36. Kh2 Qa2 37. Ne4 Qd5 38. Nc3 Qf5 39. Qd4 Qa5 40. Ne4 Qd5 41. Qe3 (41. Qxa7 $2 {is the wrong capture.} Qxe4 42. a5 Qc6 $19) 41... a5 42. Nc3 Qb3 43. Qc5 Qc2 44. Kg2 (44. Qxa5 $2 {perishes.} Qxf2+ 45. Kh1 Qxg3 $19) 44... Qf5 45. Qxf5 exf5 $16 {KN-KN} 46. Nd5 (46. Kf3 $16) 46... Nd7 47. Ne7+ Kf8 48. Nxf5 Nc5 49. Nd4 Nxa4 50. Nc6 Nc5 51. Nxa5 Ne6 52. Kf3 g6 53. h4 Kf7 54. Nc6 Kf6 55. Ke4 Nc5+ 56. Ke3 Ne6 (56... g5 $11) 57. Nd4 ({White should play} 57. g4 $1 $16) 57... Nc5 {[%emt 0:00:01] [#]} (57... Nc7 $14) 58. Kf4 (58. g4 $1 $16) 58... Nd3+ $11 59. Ke3 Ne5 60. Ne2 Ng4+ 61. Kf3 Ne5+ 62. Ke4 Nd7 {[%emt 0:00:01] [#]} (62... g5 $14) 63. Nc3 (63. g4 $1 $16) 63... Nc5+ 64. Ke3 Ke5 {[%emt 0:00:02] Inhibits Ne4.} 65. f3 h5 66. Ne2 Ne6 67. Nc1 Nc7 68. Nd3+ Kf5 69. Nb4 {[%emt 0:00:02] Against Nd5+} g5 {[%emt 0:00:04] The position is equal.} 70. hxg5 Kxg5 71. Ke4 h4 72. f4+ Kg4 73. gxh4 Kxh4 74. Ke5 Kh5 75. Nd5 Nb5 76. f5 Kh6 77. f6 Kg6 78. Ke6 Nd4+ 79. Ke7 {[%emt 0:00:09] Threatens to win with Nf4+.} Nf5+ 80. Kf8 Nd6 81. Ke7 Nf5+ 82. Ke8 Nd6+ 83. Kd7 (83. Ke7 $5 Nf5+ $8 $11) 83... Ne4 84. Ke7 {[%emt 0:00:10] Weighted Error Value: White=0.17 (very precise) /Black=0.16 (very precise)} 1/2-1/2

[Event "Romanian Team Blitz Open 2022"]
[Site "Sebes"]
[Date "2022.12.04"]
[Round "6.7"]
[White "Itkis, Boris"]
[Black "Nastore, Pavel-Alexandru"]
[Result "1/2-1/2"]
[ECO "B37"]
[WhiteElo "2343"]
[BlackElo "2218"]
[Annotator "TA"]
[PlyCount "89"]
[EventDate "2022.12.04"]
[EventType "blitz"]
[EventCountry "ROU"]
[SourceTitle "playchess.com"]
[Source "ChessBase"]
[SourceQuality "1"]
[TimeControl "180+2"]

1. Nf3 Nf6 2. c4 c5 3. Nc3 g6 4. d4 cxd4 5. Nxd4 Bg7 6. e4 d6 7. Be2 O-O 8. O-O Nc6 9. Nc2 Be6 10. Bd2 Rc8 {[%emt 0:00:08] B37: Sicilian: Maroczy Bind with 5...Bg7, sidelines.} 11. Rb1 a6 12. f3 Nd7 13. Kh1 {[%emt 0:00:06] [#]} Nce5 $146 ({Predecessor:} 13... Nd4 14. Nxd4 Bxd4 15. Bh6 Bg7 16. Bxg7 Kxg7 17. Qd4+ f6 18. Nd5 Bf7 19. Rfd1 Ne5 {0-1 (53) Yu,Z (2205)-MacKinnon,K (2186) Montreal 2015}) 14. b3 {[%emt 0:00:14] aiming for f4.} Nc5 15. Ne3 Nc6 16. Ncd5 (16. f4 $5 ) 16... Nd4 17. Bc3 Nxe2 18. Bxg7 Kxg7 19. Qxe2 Bxd5 20. Nxd5 Ne6 21. Qb2+ ({Better is} 21. Rbd1 $16) 21... f6 $14 22. f4 {[%emt 0:00:23] White is much more active.} b5 23. cxb5 axb5 24. Rbc1 (24. f5 $14 Nc7 25. Ne3) 24... Nc5 25. Qe2 e6 {[%emt 0:00:06] Against f5} 26. Nb4 Qa5 27. Nd3 Nxd3 28. Qxd3 Qb6 29. h3 Rc5 30. b4 Rc6 31. Rxc6 Qxc6 $11 {[%emt 0:00:27][%mdl 4096] Endgame KQR-KQR} 32. Rd1 Rd8 33. e5 fxe5 34. fxe5 d5 35. Rf1 Rf8 (35... d4 {is more complex.} 36. Qd2 d3 37. Kh2 Qd7) 36. Rxf8 Kxf8 {[%emt 0:00:00] KQ-KQ} 37. Qf3+ Kg8 38. Kh2 Qc7 (38... Qd7 $5 ) 39. Qf6 Qd7 {[%emt 0:00:01] [#] Strongly threatening ...d4.} 40. h4 $2 (40. Kg3 $11) 40... d4 $19 41. h5 $2 (41. Qg5 d3 42. Qd2) 41... gxh5 $2 (41... d3 $19 {Hoping for ...d2.} 42. Qf3 d2 43. Qa8+ Kf7) 42. Qg5+ $11 {[%emt 0:00:00] The position is equal.} Kh8 43. Qf6+ Kg8 44. Qg5+ Kh8 45. Qf6+ {[%emt 0:00:01] Weighted Error Value: White=0.46/Black=0.24 (precise)} 1/2-1/2

[Event "Romanian Team Blitz Open 2022"]
[Site "Sebes"]
[Date "2022.12.04"]
[Round "6.8"]
[White "Ciorgovean, Iustin"]
[Black "Bulau, Andrei-Cristian"]
[Result "1/2-1/2"]
[ECO "D78"]
[WhiteElo "2319"]
[BlackElo "2154"]
[Annotator "TA"]
[PlyCount "60"]
[EventDate "2022.12.04"]
[EventType "blitz"]
[EventCountry "ROU"]
[SourceTitle "playchess.com"]
[Source "ChessBase"]
[SourceQuality "1"]
[TimeControl "180+2"]

1. d4 d5 2. c4 c6 3. Nf3 Nf6 4. g3 g6 5. Bg2 Bg7 6. O-O O-O 7. a4 {[%emt 0:00:05] 7.Nc3 is a critical line. D78: Fianchetto Grünfeld: 6 0-0 c6.} Ne4 8. Nc3 Nxc3 9. bxc3 {[%emt 0:00:00][%cal Bb2c3,Bc3d4][%mdl 32] White is slightly better.} Nd7 10. a5 dxc4 11. Qa4 e5 12. Qxc4 {[%emt 0:00:07] White is more active.} exd4 13. cxd4 {[%emt 0:00:01] [#]} Re8 $146 ({Predecessor:} 13... Nf6 14. a6 Qd5 15. axb7 Bxb7 16. Ne5 Qxc4 17. Nxc4 Nd5 18. e3 Rfc8 19. Ba3 Ba6 {1-0 (45) Svidler,P (2739)-Slugin,S (2369) St Petersburg 2015}) 14. e3 (14. Ng5 {is more complex.} Qe7 15. Ne4 Nf6 16. Ba3) 14... c5 15. Bb2 (15. Rd1 {simplifies} h6 16. Bb2 Rb8 17. Qc2) 15... b6 {[%emt 0:00:12] [#]} (15... Rb8 $14) 16. Ng5 $1 $18 Qxg5 17. Bxa8 {[%emt 0:00:01] Threatens to win with axb6.} cxd4 (17... a6 {keeps fighting.} 18. Bd5 Rf8) 18. Bxd4 Ne5 19. Bxe5 Qxe5 20. Bc6 Rf8 21. axb6 axb6 22. Ra8 Be6 23. Rxf8+ Bxf8 {[%emt 0:00:02] This pair of bishops is nice.} 24. Qb5 Bc5 25. Bg2 Qc3 26. Qc6 Bc4 27. Rd1 Be2 28. Rb1 Bd3 29. Rd1 Be2 $1 30. Rb1 Bd3 $1 {[%emt 0:00:01] Inhibits Bf1.   Weighted Error Value: White=0.29 (precise) /Black=0.19 (very precise)} 1/2-1/2

[Event "Romanian Team Blitz Open 2022"]
[Site "Sebes"]
[Date "2022.12.04"]
[Round "6.9"]
[White "Dragomirescu, Robin-Alexandru"]
[Black "Nastase, Robert-Paul"]
[Result "1-0"]
[ECO "A13"]
[WhiteElo "2337"]
[BlackElo "2229"]
[Annotator "TA"]
[PlyCount "107"]
[EventDate "2022.12.04"]
[EventType "blitz"]
[EventCountry "ROU"]
[SourceTitle "playchess.com"]
[Source "ChessBase"]
[SourceQuality "1"]
[TimeControl "180+2"]

1. b3 Nf6 2. Bb2 e6 3. e3 b6 4. Nf3 Be7 5. Be2 O-O 6. O-O Bb7 7. c4 d5 8. cxd5 Nxd5 9. d3 c5 10. Nbd2 Nc6 11. a3 Bf6 12. Qc2 Bxb2 {[%emt 0:00:02] A13: English Opening: 1...e6.} 13. Qxb2 Qf6 14. Qxf6 Nxf6 {[%emt 0:00:14] Black has an edge.} 15. Rfc1 {[%emt 0:00:10] is the legacy move (15.Rab1).} Rfd8 16. Rab1 Nd5 {[%emt 0:01:20] Prevents b4.} 17. Nc4 f6 18. Nfd2 {[%emt 0:00:10] [#]} Rd7 $146 ({Predecessor:} 18... Kf7 19. Ne4 Ke7 20. Nc3 Rac8 21. Na2 Ba6 22. h4 h6 23. h5 f5 24. Re1 Nf6 {0-1 (51) Thoma,G-Poettinger,H (2260) Austria 1998}) 19. Kf1 Kf7 20. Bf3 Ke7 21. Ke2 Rad8 22. Be4 h5 (22... f5 $5 23. Bf3 Kf6 $15) 23. f4 g5 24. fxg5 fxg5 25. Nf3 g4 26. Nfe5 Nxe5 27. Nxe5 Rc7 28. Kd2 Rg8 (28... Kf6 {seems wilder.} 29. Nc4 Nb4 30. Rf1+ Kg7) 29. Rf1 Kd6 30. Nc4+ Kc6 (30... Ke7 $1 $14) 31. Rf6 $16 Re7 32. Rbf1 Kc7 33. Rh6 Rg5 {[%emt 0:00:02] Inhibits Ne5.} 34. Rf8 {[%emt 0:00:02] White is more active.} b5 35. Na5 Ba6 (35... b4 $16) 36. Bxd5 (36. b4 $1 $18 c4 37. g3) 36... Rxd5 37. Rff6 $2 {[%emt 0:00:05] [#]} ({Better is} 37. e4 $16 Rd6 38. Rxh5) 37... Rd6 (37... b4 $15 38. Nc4 bxa3) 38. b4 (38. Rxh5 $18 e5 39. Rxd6 Kxd6 40. Rh8) 38... c4 (38... Red7 $16) 39. d4 $1 $18 ({Stronger than} 39. Rxh5 Rxd3+ 40. Kc2 Rxa3 $11) 39... Bc8 40. Kc3 (40. Rxh5 $142 {Strongly threatening Rc5+.} e5 41. Rxd6 Kxd6 42. a4) 40... Rd5 (40... Bb7 $16 {keeps fighting.}) 41. e4 Rg5 42. e5 (42. Rh8 $18) 42... Bd7 $2 {[%emt 0:00:02] Against d5} (42... g3 $16 {might work better.} 43. h4 Rgg7) 43. g3 $2 (43. Rf8 $18) 43... Reg7 (43... Rg8 $16) 44. Rf8 ({White should play} 44. a4 $18) 44... R7g6 $2 (44... Rg8 $16 45. Rff6 a6) 45. Rhh8 Rf5 46. Rxf5 (46. Rb8 $142 Rf3+ 47. Kd2 Rd3+ 48. Ke2 Be8 49. Rhxe8 Rd2+ 50. Kxd2 c3+ 51. Kxc3 Kd7 52. Red8+ Ke7 53. Nc6+ Kf7 54. Rd7#) 46... exf5 {[%emt 0:00:01][%mdl 4096] Endgame KRB-KRN} 47. d5 Rg7 48. Rf8 (48. d6+ $142 Kb6 49. Rb8+ Ka6 50. Rb7 h4 51. Rc7 hxg3 52. hxg3 Kb6 53. e6) 48... Bc8 49. Kd4 {[%emt 0:00:02] [#] Intending d6+ and mate.} h4 50. e6 (50. d6+ $142 Kb8 51. e6 Rc7 52. e7 Rc6 53. Nxc6+ Kb7 54. e8=Q Kb6 55. Qxc8 hxg3 56. Qc7+ Ka6 57. Qxa7#) 50... hxg3 51. hxg3 {[%emt 0:00:01] Threatening mate with Rf7+.} (51. Rxf5 $2 {is the wrong capture.} g2 52. Ke4 g1=Q $19) 51... Rh7 52. Kc5 {[%emt 0:00:01] White mates.} Rh3 53. d6+ Kb8 54. d7 {[%emt 0:00:03] Weighted Error Value: White=0.50/Black=0.82} 1-0